 Seeded DCSS version 0.30.1-11-g7821555f0a (webtiles) character file.

Game seed: 6634567628223944250 (custom seed)

3446 fireball365 the Cleaver (level 10, -5/88 HPs)
             Began as a Hill Orc Fighter on Dec 8, 2023.
             Was an Initiate of Gozag.
             Slain by a polar bear (10 damage)
             ... on level 8 of the Dungeon.
             The game lasted 00:13:09 (7733 turns).

fireball365 the Cleaver (Hill Orc Fighter)          Turns: 7733, Time: 00:13:09

Health: -5/88      AC: 20    Str: 24    XL:     10   Next: 6%
Magic:  10/10      EV:  9    Int:  8    God:    Gozag
Gold:   336        SH:  5    Dex: 16    Spells: 9/9 levels left

rFire   . . .        a - +0 war axe
rCold   . . .        c - +0 buckler
rNeg    . . .        v - +0 chain mail
rPois   .            e - +2 hat
rElec   .            j - +2 cloak
rCorr   .            E - +2 pair of gloves
SInv    .            y - +0 pair of boots
Will    .....        (no amulet) Stlth
                     D - +6 ring of dexterity
HPRegen 0.34/turn    (no ring)
MPRegen 0.12/turn

%: no passive effects
@: very slow
A: no striking features
a: Renounce Religion, Potion Petition, Call Merchant, Bribe Branch


You were on level 8 of the Dungeon.
You worshipped Gozag.
Gozag was aware of your devotion.
You visited 1 branch of the dungeon, and saw 8 of its levels.

You collected 774 gold pieces.
You spent 318 gold pieces at shops.
You paid 120 gold pieces to Gozag.

Inventory:

Hand Weapons
 a - a +0 war axe (weapon)
Missiles
 i - 8 boomerangs
Armour
 b - a +0 scale mail
 c - a +0 buckler (worn)
 e - a +2 hat (worn)
 j - a +2 cloak (worn)
 v - a +0 chain mail (worn)
 y - a +0 pair of boots (worn)
 E - a +2 pair of gloves (worn)
Jewellery
 q - an amulet of magic regeneration
 D - a +6 ring of dexterity (left hand)
 F - a ring of poison resistance
Wands
 l - a wand of polymorph (22)
 r - a wand of paralysis (2)
Scrolls
 f - 2 scrolls of poison (quivered) {unknown}
 h - 5 scrolls of teleportation
 k - a scroll of brand weapon {unknown}
 m - 2 scrolls of immolation {unknown}
 p - a scroll of magic mapping {unknown}
 s - 2 scrolls of enchant armour {unknown}
 x - 6 scrolls of identify
 z - a scroll of butterflies {unknown}
 A - a scroll of amnesia
 C - a scroll of blinking {unknown}
 G - a scroll of fear
Potions
 d - 5 potions of might
 g - a potion of curing
 n - 2 potions of degeneration {unknown}
 o - 2 potions of brilliance {unknown}
 u - 2 potions of cancellation {unknown}
 w - 2 potions of invisibility {unknown}
 B - a potion of mutation {unknown}
 H - a potion of flight {unknown}


   Skills:
 + Level 7.8 Fighting
 + Level 12.5 Axes
 + Level 7.7 Armour
 + Level 2.7 Dodging
 + Level 1.3 Stealth
 + Level 5.3 Shields


You had 9 spell levels left.
You didn't know any spells.
Your spell library contained the following spells:

 Spells                   Type           Power      Damage    Failure   Level
 Slow                     Hex            0%         N/A       94%         1
 Sting                    Tmut/Pois      0%         1d3       94%         1
 Cigotuvi's Dreadful Rot  Necr/Pois/Air  0%         N/A       98%         2
 Ensorcelled Hibernation  Hex/Ice        0%         N/A       98%         2
 Passwall                 Tmut/Erth      0%         N/A       98%         2
 Poisonous Vapours        Pois/Air       0%         N/A       98%         2
 Confusing Touch          Hex            0%         N/A       100%        3
 Hailstorm                Conj/Ice       0%         3d3       100%        3
 Portal Projectile        Hex/Tloc       0%         N/A       100%        3
 Swiftness                Air            0%         N/A       100%        3
 Tukima's Dance           Hex            0%         N/A       100%        3
 Vampiric Draining        Necr           0%         2d6       100%        3
 Dispel Undead            Necr           0%         3d6       100%        4
 Ice Form                 Ice/Tmut       0%         N/A       100%        4
 Olgreb's Toxic Radiance  Pois           0%         N/A       100%        4
 Blade Hands              Tmut           0%         N/A       100%        5
 Death Channel            Necr           0%         N/A       100%        6
 Simulacrum               Ice/Necr       Unusable   N/A       N/A         6

Dungeon Overview and Level Annotations

Branches:
Dungeon (8/15)             Temple (0/1) D:4
   Lair: D:8-11

Altars:
Ashenzari
Fedhas
Gozag
Hepliaklqana
Kikubaaqudgha
Makhleb
Qazlal
Ru
Vehumet
The Shining One

Shops:
D:4 =*[(


Message History

The polar bear bites you but does no damage.
The polar bear closely misses you. You block the polar bear's attack.
The electric eel shoots out a bolt of lightning at you!
The bolt of electricity hits you!
* * * LOW HITPOINT WARNING * * *
You feel better. The polar bear misses you.
The polar bear claws you but does no damage. x2
The electric eel shoots out a bolt of lightning at you!
The bolt of electricity hits you!
* * * LOW HITPOINT WARNING * * *
It was a potion of heal wounds.
You feel much better. The polar bear bites you!
* * * LOW HITPOINT WARNING * * *
The polar bear claws you but does no damage.
The polar bear closely misses you.
You miss the electric eel.
The electric eel is severely wounded.
You hit the polar bear. The polar bear bites you.
* * * LOW HITPOINT WARNING * * *
You block the polar bear's attack. The polar bear claws you.
* * * LOW HITPOINT WARNING * * *
Your unstable footing causes you to fumble your attack.
The polar bear bites you but does no damage.
The polar bear claws you but does no damage.
The polar bear closely misses you.
You barely miss the electric eel.
The electric eel is severely wounded.
You slash the polar bear!
The polar bear bites you but does no damage.
You block the polar bear's attack. The polar bear barely misses you.
Your unstable footing causes you to fumble your attack.
The polar bear bites you!
* * * LOW HITPOINT WARNING * * *
The polar bear claws you but does no damage. x2
The electric eel shoots out a bolt of lightning at you!
The bolt of electricity hits you.
* * * LOW HITPOINT WARNING * * *
Your unstable footing causes you to fumble your attack.
The polar bear bites you!
You die...
Your body crumbles into a pile of gold.

#.~..≈..~.............
#.~~~~..~.~#.#.....#..
#..~~...~~~#.#######..
#..~..~~~..#.# #..
#..~...~~~~..# #..
#..~.∩..~....# ...
#..~....~....#
#..~....~.~..#
#..~.@~.≈≈~..
#..~h.S~≈≈~..
#.....~.~~~..
#..~..~~~~~#.
#.~..~≈≈≈.##
#.~~.~≈~~.#
#.~~.~~.~~#
#.~~~.~~~~#


You could see a polar bear and an electric eel.

Vanquished Creatures
  6 yaks
  An acid dragon (D:8)
  A water moccasin (D:5)
  A black bear (D:5)
  An ice beast (D:7)
  2 sky beasts (D:7)
  An orc warrior (D:8)
  4 ogres
  A centaur (D:6)
  2 phantoms (D:5)
  2 kobold brigands
  3 bullfrogs
  Blork the orc (D:6)
  3 scorpions
  2 vampire bats (D:3)
  A crimson imp (D:3)
  4 orc priests
  2 hounds
  A gnoll bouda (D:5)
  A sleepcap (D:7)
  2 iguanas (D:4)
  4 orc wizards
  Robin (D:2)
  3 gnolls (D:3)
  5 adders
  4 white imps
  7 ufetubi
  2 dart slugs
  A worm (D:3)
  19 orcs
  8 bats
  2 bat skeletons (D:3)
  2 bat zombies (D:3)
  5 endoplasms
  3 giant cockroaches
  17 goblins
  4 hobgoblins
  8 jackals
  12 kobolds
  2 quokkas
  9 ball pythons
  8 frilled lizards
  3 rats
171 creatures vanquished.

Notes
Turn   | Place    | Note
-------+----------+-------------------------------------------
     0 | D:1      | fireball365 the Hill Orc Fighter began the quest for the
                  | Orb.
     0 | D:1      | Reached XP level 1. HP: 19/19 MP: 1/1
    43 | D:1      | Reached XP level 2. HP: 18/27 MP: 2/2
    92 | D:1      | Reached skill level 3 in Axes
   723 | D:1      | Reached XP level 3. HP: 33/33 MP: 3/3
   992 | D:2      | Noticed Robin
  1024 | D:2      | Killed Robin
  1025 | D:2      | Reached skill level 4 in Axes
  1025 | D:2      | Reached XP level 4. HP: 29/40 MP: 4/4
  1674 | D:3      | Found a burning altar of Makhleb.
  1675 | D:3      | Found a radiant altar of Vehumet.
  1700 | D:3      | Reached skill level 1 in Dodging
  1700 | D:3      | Reached XP level 5. HP: 44/46 MP: 5/5
  2062 | D:3      | Reached skill level 5 in Axes
  2063 | D:3      | Found an ancient bone altar of Kikubaaqudgha.
  2088 | D:3      | Reached XP level 6. HP: 48/53 MP: 6/6
  2253 | D:3      | Found a glowing golden altar of the Shining One.
  2381 | D:4      | Found Onkoum's Jewellery Shoppe.
  2468 | D:4      | Reached skill level 6 in Axes
  2567 | D:4      | Found a stormy altar of Qazlal.
  2625 | D:4      | Found a blossoming altar of Fedhas.
  2657 | D:4      | Found a staircase to the Ecumenical Temple.
  2890 | D:4      | Found a sacrificial altar of Ru.
  2895 | D:4      | Reached XP level 7. HP: 59/60 MP: 7/7
  2934 | D:4      | Found Zele's Assorted Antiques.
  2938 | D:4      | Bought a lead wand for 104 gold pieces
  2938 | D:4      | Bought a scroll labelled CESITW NECSUG for 26 gold pieces
  2938 | D:4      | Bought a fuming white potion for 23 gold pieces
  2992 | D:4      | Found Kyroxoykk's Armour Emporium.
  3004 | D:4      | Found Ixyedoekh's Weapon Emporium.
  3060 | D:4      | Found a hazy altar of Hepliaklqana.
  3090 | D:4      | Found a broken altar of Ashenzari.
  3210 | D:5      | Entered Level 5 of the Dungeon
  3360 | D:5      | Reached skill level 5 in Fighting
  3604 | D:5      | Reached skill level 7 in Axes
  3613 | D:5      | Reached skill level 5 in Armour
  4144 | D:5      | Reached XP level 8. HP: 61/68 MP: 8/8
  4376 | D:5      | Reached skill level 8 in Axes
  4473 | D:5      | Reached skill level 5 in Shields
  4727 | D:6      | Noticed Blork the orc
  4737 | D:6      | Killed Blork the orc
  4773 | D:7      | Reached skill level 1 in Stealth
  4779 | D:7      | Reached skill level 9 in Axes
  4800 | D:7      | Noticed a yak
  4803 | D:7      | Noticed a yak
  4806 | D:7      | Noticed a yak
  4810 | D:7      | Noticed a yak
  4811 | D:7      | Killed a yak
  4821 | D:7      | Killed a yak
  4822 | D:7      | Reached skill level 10 in Axes
  4824 | D:7      | Killed a yak
  4824 | D:7      | HP: 3/70 [yak (8)]
  4825 | D:7      | Reached XP level 9. HP: 4/78 MP: 9/9
  5098 | D:7      | Found an opulent altar of Gozag.
  5127 | D:7      | Became a worshipper of Gozag Ym Sagoz the Greedy
  5306 | D:7      | Reached skill level 11 in Axes
  6999 | D:4      | Bought a +2 pair of gloves for 165 gold pieces
  7485 | D:8      | Reached skill level 12 in Axes
  7516 | D:8      | Reached XP level 10. HP: 50/88 MP: 10/10
  7733 | D:8      | Slain by a polar bear

Illustrated notes

Levels and vault maps discovered:
D:1:      shiori_arrival_maze, layout_basic
D:2:      layout_basic, uniq_robin
D:3:      layout_rooms, grunt_temple_overflow_lords_of_destruction,
          kennysheep_vampire_church, tso_oasis_becter, minmay_tree_intersection,
          kennysheep_donut
D:4:      layout_loops_ring, mainiacjoe_overflow_alcove_4,
          nicolae_overflow_quartered_altars, minmay_temple_entry_slanted,
          serial_shops, nicolae_shop_back_alley_shop,
          nicolae_shop_real_fake_doors, shop, shop, minivault_1
D:5:      kb_forest_paths, layout_basic
D:6:      layout_basic, uniq_blork_the_orc
D:7:      layout_gridville, mainiacjoe_overflow_concentric_impassable
D:8:      nicolae_cairo_tiling, layout_loops_corners, serial_shops, shop, shop,
          serial_ice, serial_ice_b, serial_ice_e, serial_ice_c, serial_ice_g,
          serial_ice_j, serial_ice_m, serial_ice_a, serial_ice_f, serial_ice_o,
          serial_ice_n, minmay_misc_feat_more_columns, grunt_ministairs_8

Skill      XL: |  1  2  3  4  5  6  7  8  9 |
---------------+----------------------------+-----
Axes           | 3 4 5 6 7 10 12 | 12.5
Fighting       | 4 5 6 7 |  7.8
Dodging        | 1 2 |  2.7
Shields        | 4 5 |  5.3
Armour         | 4 5 6 7 |  7.7
Stealth        | 1 |  1.3

Action                     |  1- 3 |  4- 6 |  7- 9 | 10-12 || total
---------------------------+-------+-------+-------+-------++-------
  Melee: War axe           |    96 |   156 |   261 |    31 ||   544
    Use: Scroll            |     2 |     3 |     1 |       ||     6
         Potion            |       |       |       |     2 ||     2
 Armour: Scale mail        |    67 |   122 |    39 |       ||   228
         Chain mail        |       |       |   126 |    29 ||   155
  Dodge: Dodged            |    68 |   115 |   131 |    21 ||   335
  Block: Buckler           |    36 |    56 |    58 |     6 ||   156
